 Dungeon Crawl Stone Soup version 0.23.2-1-ga50397a6bc (webtiles) character file.

Game seed: 15261410768107190112

100 Menchi the Ducker (level 4, 0/24 HPs)
             Began as a Spriggan Fighter on May 13, 2019.
             Slain by Grinder (6 damage)
             ... while paralysed by Grinder
             ... on level 3 of the Dungeon.
             The game lasted 00:05:16 (2538 turns).

Menchi the Ducker (Spriggan Fighter)                Turns: 2538, Time: 00:05:17

Health: 0/24       AC:  2    Str: 12    XL:     4   Next: 47%
Magic:  5/5        EV:  4    Int:  9    God:
Gold:   97         SH:  0    Dex: 16    Spells: 3/3 levels left

rFire    . . .     SeeInvis +   i - +3 dagger (venom)
rCold    . . .     Gourm    .   c - +0 buckler
rNeg     . . .     Faith    .   b - +0 robe
rPois    .         Spirit   .   (helmet restricted)
rElec    .         Reflect  .   o - scarf {repulsion}
rCorr    .         Harm     .   (gloves unavailable)
MR       .....                  (boots unavailable)
Stlth    +.........             (no amulet)
HPRegen  0.08/turn              n - +3 ring of evasion
MPRegen  0.09/turn              p - ring of wizardry

@: paralysed, repel missiles, very quick
A: very small, unfitting armour, see invisible, herbivore, speed 3, slow
metabolism 2
a: no special abilities


You were on level 3 of the Dungeon.
You were not hungry.

You visited 1 branch of the dungeon, and saw 4 of its levels.

You collected 97 gold pieces.

Inventory:

Hand Weapons
 i - a +3 dagger of venom (weapon)
Armour
 b - a +0 robe (worn)
 c - a +0 buckler (worn)
 g - a +0 cloak
 o - a scarf of repulsion (worn)
Jewellery
 n - a +3 ring of evasion (left hand)
 p - a ring of wizardry (right hand)
Scrolls
 e - a scroll of fog {unknown}
 h - a scroll of teleportation {unknown}
 k - a scroll of remove curse {unknown}
 l - a scroll of identify {unknown}
 m - a scroll of magic mapping {unknown}
Potions
 a - 2 potions of heal wounds {unknown}
 d - a potion of might
 j - a potion of curing {unknown}
 q - 2 potions of agility {unknown}
 r - a potion of brilliance {unknown}
Comestibles
 f - 2 rations


   Skills:
 * Level 3.3 Fighting
 - Level 2.1 Short Blades
 * Level 5.9 Dodging
 + Level 2.6 Shields


You had 3 spell levels left.
You didn't know any spells.
Your spell library was empty.

Dungeon Overview and Level Annotations

Branches:
Dungeon (4/15)
 Temple: D:4-7

Altars:

Annotations:
D:3 Grinder


Innate Abilities, Weirdness & Mutations

You are very small and have problems with some larger weapons.
You are too small for most types of armour.
You have supernaturally acute eyesight. (SInv)
You are a herbivore.
You cover ground extremely quickly.
You need to consume almost no food.


Message History

Grinder is severely wounded.
You block Grinder's attack.
You hit Grinder but do no damage.
Grinder is severely wounded.
Grinder completely misses you.
You hit Grinder.
Grinder is almost dead.
Grinder gestures at you.
You suddenly lose the ability to move!
Grinder gestures at you. Pain shoots through your body!
Grinder barely misses you.
Grinder says, "Just stop there for a second..."
Grinder gestures at you. Pain shoots through your body!
* * * LOW HITPOINT WARNING * * *
Grinder hits you.
* * * LOW HITPOINT WARNING * * *
You writhe in agony.
You die...

###########
.........#
#>...#.#######
#.#<.#........
####.)@.........
........5........
....#...#.#..#####
..# #...#.........
# #...#..#.####
#.#....#.#
#.#.#....#
#.#.#...##
#...#.##


You could see Grinder.

Vanquished Creatures
  2 adders (D:2)
  A worm (D:2)
  A dart slug (D:1)
  4 leopard geckos
  10 bats
  4 giant cockroaches
  6 goblins
  13 hobgoblins
  9 jackals
  6 kobolds
  A ball python (D:1)
  3 frilled lizards
  6 rats
66 creatures vanquished.

Notes
Turn   | Place    | Note
-------+----------+-------------------------------------------
     0 | D:1      | Menchi the Spriggan Fighter began the quest for the Orb.
     0 | D:1      | Reached XP level 1. HP: 11/11 MP: 2/2
    90 | D:1      | Reached XP level 2. HP: 15/16 MP: 3/3
   588 | D:1      | Reached skill level 5 in Dodging
   735 | D:1      | Reached XP level 3. HP: 19/19 MP: 4/4
  1617 | D:2      | You fall through a shaft for 2 floors!
  1636 | D:4      | Noticed a phantom
  1773 | D:3      | Noticed Grinder
  1844 | D:3      | Paralysed by Grinder for 6 turns
  1861 | D:3      | Reached XP level 4. HP: 10/24 MP: 5/5
  1873 | D:3      | HP: 1/24 [Grinder/nerve-wracking pain (10)]
  1882 | D:3      | Paralysed by Grinder for 3 turns
  2534 | D:3      | Paralysed by Grinder for 7 turns
  2538 | D:3      | Slain by Grinder

Skill      XL: |  1  2  3 |
---------------+----------+-----
Dodging        | 5 |  5.9
Fighting       | 3 |  3.3
Short Blades   | |  2.1
Shields        | |  2.6

Action                   |  1- 3 |  4- 6 || total
-------------------------+-------+-------++-------
Melee: Rapier            |    76 |       ||    76
       Dagger            |    88 |    54 ||   142
 Stab: Sleeping          |     1 |       ||     1
Armor: Robe              |    21 |     2 ||    23
Dodge: Dodged            |   160 |    41 ||   201
Block: Buckler           |    49 |    12 ||    61
